 Dungeon Crawl Stone Soup version 0.30-a0-224-ge52a3cb02f (webtiles) character file.

Game seed: 8838300474750194514

534 qw the Chopper (level 7, -6/44 HPs)
             Began as a Gargoyle Fighter on Oct 9, 2022.
             Mangled by Edmund
             ... wielding a +3 dire flail of protection
              (8 damage)
             ... on level 4 of the Dungeon.
             The game lasted 00:01:35 (3532 turns).

qw the Chopper (Gargoyle Fighter)                   Turns: 3532, Time: 00:01:36

Health: -6/44      AC: 12    Str: 21    XL:     7   Next: 25%
Magic:  7/7        EV:  9    Int:  9    God:
Gold:   92         SH:  4    Dex:  9    Spells: 6/6 levels left

rFire   . . .      SeeInvis .    Y - +0 war axe
rCold   . . .      Faith    .    c - +0 buckler
rNeg    + . .      Spirit   .    b - +0 scale mail
rPois   inf        Reflect  .    a - +0 helmet
rElec   +          Harm     .    (no cloak)
rCorr   .          Rampage  .    (no gloves)
Will    .....                    (no boots)
Stlth   ..........               (no amulet)
HPRegen 0.27/turn                (no ring)
MPRegen 0.10/turn                (no ring)

@: about to teleport
A: sickness immunity, AC +4, negative energy resistance 1, electricity
resistance, torment resistance 1, petrification resistance
a: no special abilities


You were on level 4 of the Dungeon.
You visited 1 branch of the dungeon, and saw 4 of its levels.

You collected 164 gold pieces.
You spent 72 gold pieces at shops.


Innate Abilities, Weirdness & Mutations

You are immune to sickness and miasma.
Your stone body is resilient. (AC +4)
You are immune to poison.
You resist negative energy. (rN+)
You are resistant to electric shocks. (rElec)
You are resistant to unholy torment.
You are immune to petrification.


   Skills:
 - Level 5.0 Fighting
 + Level 5.9 Axes
 - Level 3.2 Armour
 - Level 1.3 Dodging
 - Level 3.2 Shields


You had 6 spell levels left.
You didn't know any spells.
Your spell library was empty.

Inventory:

Hand Weapons
 h - a +0 mace
 Y - a +0 war axe (weapon)
Armour
 a - a +0 helmet (worn)
 b - a +0 scale mail (worn)
 c - a +0 buckler (worn)
 l - a +0 chain mail
Scrolls
 g - 4 scrolls of identify
Potions
 d - a potion of might
 e - a potion of heal wounds
 f - 2 potions of lignification
 i - a potion of attraction
 j - 6 potions of curing
 k - a potion of mutation
 n - a potion of haste
 o - a potion of degeneration {unknown}

Dungeon Overview and Level Annotations

Branches:
Dungeon (4/15)
 Temple: D:4-7

Altars:
Xom
Zin

Shops:
D:3 ?

Annotations:
D:4 Edmund


Message History

Edmund the Younger comes into view.
He is wielding a +3 dire flail of protection.
Edmund clears his throat.
You hit Edmund but do no damage.
Edmund hits you with a +3 dire flail of protection!
Edmund hits you but does no damage.
You barely miss Edmund. Edmund hits you but does no damage.
You hit Edmund but do no damage. Edmund misses you.
You barely miss Edmund.
Edmund hits you with a +3 dire flail of protection.
You completely miss Edmund. You block Edmund's attack.
Edmund hits you with a +3 dire flail of protection!
You completely miss Edmund.
Edmund hits you with a +3 dire flail of protection.
You closely miss Edmund. Edmund hits you but does no damage.
You hit Edmund.
Edmund is lightly wounded.
Edmund closely misses you.
You hit Edmund.
Edmund is lightly wounded.
Edmund misses you. Edmund barely misses you.
You slash Edmund!
Edmund is moderately wounded.
Edmund hits you but does no damage.
You barely miss Edmund.
Edmund is moderately wounded.
Edmund says, "People think my brother is the best.
I think he's crazy."
Edmund hits you with a +3 dire flail of protection.
You hit Edmund but do no damage.
Edmund is moderately wounded.
Edmund hits you with a +3 dire flail of protection!
3532 ||| READING scroll of teleportation.
As you read the scroll of teleportation, it crumbles to dust.
You feel strangely unstable.
Edmund says, "I might not be good at magic, but I can still kill you!"
Edmund hits you with a +3 dire flail of protection!
You die...

.. # ..#. #.#####.. .##
...#. #.......# +###..
...#.##......# ....#
.#.#........### ...#
.#.#.......##.# ..#
.#.#......###'###@###+##
.#.##...........@.......
.#.##......##........... ##
.#.##...^#.##..........# #.
.........#.##.#.##...... ##.
........................ ..
....................#### #.
.#.##....#.####.##..# #.
######...#.####.##..# #.
#..............#######+####.


You could see Edmund.

Vanquished Creatures
  Eustachio (D:4)
  A kobold brigand (D:4)
  Ijyb (D:4)
  2 iguanas (D:4)
  Natasha (twice) (D:3)
  Robin (D:2)
  10 adders
  3 dart slugs
  2 worms
  9 ball pythons
  3 endoplasms
  2 giant cockroaches
  16 goblins
  23 hobgoblins
  6 kobolds
  3 quokkas
  7 bats
  3 frilled lizards
  A hobgoblin zombie (D:4)
  3 rats
99 creatures vanquished.

Vanquished Creatures (others)
  An angel (D:4)
  12 plants (D:3)
13 creatures vanquished.

Grand Total: 112 creatures vanquished

Notes
Turn   | Place    | Note
-------+----------+-------------------------------------------
     0 | D:1      | qw the Gargoyle Fighter began the quest for the Orb.
     0 | D:1      | Reached XP level 1. HP: 14/14 MP: 1/1
     0 | D:1      | 0 ||| qw: Version: 0.2-a-17-g06abaee
     0 | D:1      | 0 ||| qw: Game counter: 2263
     0 | D:1      | 0 ||| qw: Always use a shield: true
     0 | D:1      | 0 ||| qw: God list: Okawaru
     0 | D:1      | 0 ||| qw: Allow faded altars: false
     0 | D:1      | 0 ||| qw: Do Orc after D:15 true
     0 | D:1      | 0 ||| qw: Do second Lair branch before Depths: true
     0 | D:1      | 0 ||| qw: Lair rune preference: random
     0 | D:1      | 0 ||| qw: Plans: Normal, Zot:1-4, God:TSO, Crypt, Tomb,
                  | Pan, Slime:5, Hells, Abyss, Orb
     0 | D:1      | 0 ||| PLANNING D:1-11
    97 | D:1      | 97 ||| Stepping ~*~*~tactically~*~*~ (stealth).
   112 | D:1      | 112 ||| Stepping ~*~*~tactically~*~*~ (stealth).
   114 | D:1      | 114 ||| Stepping ~*~*~tactically~*~*~ (stealth).
   247 | D:1      | Reached XP level 2. HP: 16/19 MP: 2/2
   271 | D:1      | 271 ||| Stepping ~*~*~tactically~*~*~ (stealth).
   286 | D:1      | 286 ||| Stepping ~*~*~tactically~*~*~ (stealth).
   374 | D:1      | 374 ||| Stepping ~*~*~tactically~*~*~ (stealth).
   377 | D:1      | 377 ||| Stepping ~*~*~tactically~*~*~ (hiding).
   428 | D:1      | Reached skill level 3 in Axes
   541 | D:1      | Reached XP level 3. HP: 23/23 MP: 3/3
   557 | D:1      | 557 ||| Stepping ~*~*~tactically~*~*~ (stealth).
   812 | D:1      | 812 ||| READING scroll labelled GUPODDIYWI.
   813 | D:1      | 813 ||| READING scroll labelled KALESE FAWNOP.
   818 | D:1      | 818 ||| READING scroll labelled KENETUN ISALUO.
   819 | D:1      | 819 ||| READING scroll labelled OTWEGY YFFU.
   820 | D:1      | 820 ||| READING scroll labelled EMUKKU PIJAP.
   821 | D:1      | 821 ||| READING scroll labelled ARYGGO ILINN.
   822 | D:1      | 822 ||| DRINKING 2 white potions.
   839 | D:2      | 839 ||| STAIRDANCE
   860 | D:2      | 860 ||| STAIRDANCE
  1067 | D:2      | Noticed Robin
  1071 | D:2      | 1071 ||| Stepping ~*~*~tactically~*~*~ (hiding).
  1085 | D:2      | Reached XP level 4. HP: 28/28 MP: 4/4
  1095 | D:2      | Killed Robin
  1638 | D:2      | 1638 ||| DROPPING +0 club.
  1639 | D:2      | 1639 ||| UPGRADING to +0 helmet.
  1644 | D:2      | 1644 ||| DRINKING 2 smoky black potions.
  1681 | D:2      | 1681 ||| DRINKING 2 bubbling clear potions.
  1823 | D:3      | 1823 ||| Stepping ~*~*~tactically~*~*~ (stealth).
  1838 | D:3      | 1838 ||| Stepping ~*~*~tactically~*~*~ (water).
  1900 | D:3      | Noticed Natasha
  1906 | D:3      | Killed Natasha
  1907 | D:3      | Reached XP level 5. HP: 18/32 MP: 5/5
  2067 | D:3      | 2067 ||| Stepping ~*~*~tactically~*~*~ (stealth).
  2068 | D:3      | 2068 ||| Stepping ~*~*~tactically~*~*~ (stealth).
  2068 | D:3      | Found Lebodd's Magic Scroll Shop.
  2070 | D:3      | 2070 ||| Stepping ~*~*~tactically~*~*~ (stealth).
  2071 | D:3      | 2071 ||| Stepping ~*~*~tactically~*~*~ (stealth).
  2072 | D:3      | 2072 ||| Stepping ~*~*~tactically~*~*~ (stealth).
  2073 | D:3      | 2073 ||| Stepping ~*~*~tactically~*~*~ (stealth).
  2083 | D:3      | Noticed Natasha
  2087 | D:3      | 2087 ||| BUYING scroll of identify (24 gold).
  2087 | D:3      | Bought a scroll of identify for 24 gold pieces
  2087 | D:3      | 2087 ||| BUYING scroll of identify (24 gold).
  2087 | D:3      | Bought a scroll of identify for 24 gold pieces
  2087 | D:3      | 2087 ||| BUYING scroll of identify (24 gold).
  2087 | D:3      | Bought a scroll of identify for 24 gold pieces
  2092 | D:3      | Killed Natasha
  2657 | D:3      | 2657 ||| DROPPING scarf of shadows.
  2658 | D:3      | 2658 ||| READING scroll labelled YCLIRCH ABOD.
  2659 | D:3      | 2659 ||| READING scroll labelled DIBBOVAUHU.
  2660 | D:3      | 2660 ||| READING scroll labelled EMOAPPUTTE.
  2661 | D:3      | 2661 ||| READING scroll labelled AGUBAN OTZAQ.
  2687 | D:3      | 2687 ||| READING 6 scrolls of identify.
  2687 | D:3      | 2687 ||| IDENTIFYING dark potion
  2688 | D:3      | 2688 ||| READING 5 scrolls of identify.
  2688 | D:3      | 2688 ||| IDENTIFYING red potion
  2689 | D:3      | 2689 ||| READING 4 scrolls of identify.
  2689 | D:3      | 2689 ||| IDENTIFYING orange potion
  2690 | D:3      | 2690 ||| DROPPING potion of magic.
  2746 | D:4      | 2746 ||| PLANNING OSSUARY
  2819 | D:4      | Noticed Eustachio
  2850 | D:4      | Killed Eustachio
  2851 | D:4      | Reached XP level 6. HP: 25/40 MP: 6/6
  2919 | D:4      | Noticed an angel
  2948 | D:4      | Found a glowing silver altar of Zin.
  2948 | D:4      | Found a shimmering altar of Xom.
  2949 | D:4      | Noticed Ijyb
  2950 | D:4      | 2950 ||| Stepping ~*~*~tactically~*~*~ (hiding).
  2957 | D:4      | Paralysed by Ijyb for 3 turns
  2966 | D:4      | Paralysed by Ijyb for 4 turns
  2970 | D:4      | Killed Ijyb
  3025 | D:4      | Reached skill level 1 in Dodging
  3202 | D:4      | Killed an angel
  3234 | D:4      | Reached XP level 7. HP: 35/44 MP: 7/7
  3334 | D:4      | 3334 ||| RIP OSSUARY
  3357 | D:4      | 3357 ||| PLANNING D:1-11
  3514 | D:4      | Noticed Edmund
  3531 | D:4      | HP: 2/44 [Edmund/+3 dire flail of protection (14)]
  3532 | D:4      | 3532 ||| READING scroll of teleportation.
  3532 | D:4      | Mangled by Edmund

Levels and vault maps discovered:
D:1:      dpeg_arrival_arbitrary_c, layout_loops_ring
D:2:      layout_loops_ring, minmay_misc_feat_tiny, uniq_robin
D:3:      layout_loops_ring, serial_shops, nicolae_shop_behind_doors,
          serial_bayou, serial_bayou_pond_b, serial_bayou_lake_a,
          serial_bayou_lagoon_a, serial_bayou_pond_e, serial_bayou_ford_a,
          minmay_misc_feat_more_columns, chequers_decorated_corner, uniq_natasha
D:4:      layout_basic, grunt_temple_overflow_order_and_chaos_1, serial_shops,
          shop, nicolae_ossuary_entry_giza, minmay_snake_closets,
          uniq_eustachio, uniq_ijyb, uniq_edmund

Skill      XL: |  1  2  3  4  5  6 |
---------------+-------------------+-----
Axes           | 2 3 4 5 |  5.9
Fighting       | 5 |  5.0
Dodging        | 1 |  1.3
Armour         | |  3.2
Shields        | |  3.2

Action                   |  1- 3 |  4- 6 |  7- 9 || total
-------------------------+-------+-------+-------++-------
Melee: War axe           |   119 |   177 |    42 ||   338
  Use: Scroll            |     6 |     7 |     1 ||    14
       Potion            |     1 |     2 |       ||     3
Armor: Scale mail        |    69 |   101 |    19 ||   189
Dodge: Dodged            |    54 |    96 |    13 ||   163
Block: Buckler           |    25 |    32 |     8 ||    65

Table legend:
 A = Non-vault XP
 B = Vault XP
 C = Vault XP percentage of total XP
 D = Non-vault monster count
 E = Vault monster count
 F = Vault count percentage of total count
                 A         B        C        D         E       F
            +---------+---------+-------+---------+---------+-------
      Total |     382 |     381 |  49.9 |      74 |      25 |  25.3
            +---------+---------+-------+---------+---------+-------
        D:1 |      42 |       0 |   0.0 |      25 |       0 |   0.0
        D:2 |      61 |      36 |  37.1 |      21 |      11 |  34.4
        D:3 |      79 |      38 |  32.5 |      12 |       3 |  20.0
        D:4 |     200 |     307 |  60.6 |      16 |      11 |  40.7
            +---------+---------+-------+---------+---------+-------
